[Event "*** Titled Tuesday Blitz"]
[Site "Chess.com"]
[Date "2020.05.05"]
[Round "2"]
[White "CzechmVIII"]
[Black "TheFireChess"]
[Result "1/2-1/2"]
[WhiteElo "2232"]
[BlackElo "2448"]
[TimeControl "180+1"]
[EndTime "10:18:56 PDT"]
[Termination "Game drawn by repetition"]

1. e4 c6 2. d4 d5 3. e5 c5 4.
c4 cxd4 5. Nf3 Nc6 6. Nxd4 e6 7. Nc3 Bb4 8. Nxc6 bxc6 9. Qg4 Bf8 10. Bd3 h5 11.
Qe2 Bb4 12. O-O Ne7 13. Bg5 Qa5 14. Bxe7 Bxe7 15. cxd5 cxd5 16. Bb5+ Bd7 17. Bxd7+ Kxd7 18. Rfd1 g6 19. Qf3 Ke8 20. Nxd5 exd5 21. Rxd5 Qc7 22. Rd3 Rd8 23. Rc3 Qd7 24. Rac1 Qg4 25. Qc6+ Kf8 26.
h3 Qd7 27. Qf3 Qd5 28. Qe3 Kg7 29. Qxa7 Rhe8 30. Qe3 Bb4 31. Rc7 Rxe5 32. Qf4 Bd2 33.
Rxf7+ Kg8 34. Qf6 Qxf7 35. Qxd8+ Re8 36. Qxd2 Qxa2 37. Rd1 Rb8 38. Qc3 Qxb2 39. Qxb2 Rxb2 40. Rd7 Kf8 41. Kh2 Ra2 42. Kg3 Rb2 43. f3 Rb4 44. Kh2 Ra4 45. Rc7 Rb4 46. Rd7 Ra4 47. Rb7 Rc4 48.
Ra7 Rb4 49. Rc7 Ra4 50. Rb7 Rc4 51. Ra7 Rb4 52. Rc7 Ra4 53. Rb7 1/2-1/2

[Event "*** Titled Tuesday Blitz"]
[Site "Chess.com"]
[Date "2020.05.05"]
[Round "2"]
[White "SiddharthGMJagadeesh"]
[Black "ClockworkKubrick"]
[Result "1-0"]
[WhiteElo "2406"]
[BlackElo "2156"]
[TimeControl "180+1"]
[EndTime "10:18:56 PDT"]
[Termination "SiddharthGMJagadeesh won by resignation"]

1. Nf3 Nf6 2. c4 d6 3. d4 g6 4. g3 Bg7 5. Bg2 O-O 6. O-O Nbd7 7. Qc2 c6 8. Rd1 Qc7 9. Nc3 e5 10. dxe5 dxe5 11. Ng5 Nc5 12. b3 Be6 13. Ba3 b6 14. Bxc5 bxc5 15. Nxe6 fxe6 16. Ne4 Nxe4 17. Qxe4 Rac8 18. Rd3 Rfd8 19. Rad1 Rxd3 20. Rxd3 Bf6 21. e3 Kf7 22. Qf3 Ke7 23. h4 Kf7 24. h5 g5 25.
Qe4 Kg7 26. Bh3 Qe7 27. Qf3 Kh6 28. Bg4 Kg7 29. Kg2 Kh6 30. Qe4 Kg7 31. Bd1 Kh6 32. Bc2 Rc7 33. Rd2 Qf7 34. Qg4 Be7 35. Be4 Bf8 36.
Bf3 Be7 37. Qe4 Qf5 38. g4 Qxe4 39. Bxe4 Kg7 40. f3 h6 41. Bg6 Kf6 42. Kf1 Kg7 43.
Ke2 Kf6 44. Rd3 Kg7 45. Kd1 Kf6 46. Kc2 Kg7 47. Kb2 Kf6 48. Ka3 Kg7 49. Ka4 Kf6 50.
Ka5 Kg7 51. Ka6 Kf6 52. Be8 Kg7 53. Rd7 Rxd7 54. Bxd7 e4 55. fxe4 Kf6 56. Kxa7 Ke5 57. Bxc6 Kd6 58. Kb7 Bf6 59. a4 Bc3 60. Kb6 Bd2 61.
a5 Bxa5+ 62. Kxa5 Kxc6 63. e5 Kc7 64. Kb5 1-0

[Event "*** Titled Tuesday Blitz"]
[Site "Chess.com"]
[Date "2020.05.05"]
[Round "2"]
[White "Hanging_pointer"]
[Black "Zhuu96"]
[Result "1/2-1/2"]
[WhiteElo "2578"]
[BlackElo "2931"]
[TimeControl "180+1"]
[EndTime "10:18:57 PDT"]
[Termination "Game drawn - insufficient material"]

1. d4 Nf6 2. c4 e6 3. Nf3 d5 4. g3 c6 5. Bg2 Be7 6. O-O O-O 7. Nbd2 b6 8. Qc2 Bb7 9. e4 Na6 10. Re1 Nb4 11. Qb3 dxe4 12. Nxe4 Nxe4 13. Rxe4 c5 14.
Rg4 f5 15. Rf4 Bd6 16. dxc5 Bxf4 17. Bxf4 bxc5 18. Rd1 Qb6 19. a3 Nd5 20. Qxb6 Nxb6 21. Ne5 Bxg2 22. Kxg2 Rfd8 23. Re1 h6 24. h4 Rac8 25.
Re2 Rd4 26. b3 Re4 27. Rd2 Rd4 28. Re2 a5 29. Nf3 Re4 30. Rd2 a4 31. Rd6 Rb8 32. Rd3 Rb7 33. Nd2 Rd4 34. Rxd4 cxd4 35. b4 Kf7 36. Be5 Rd7 37. h5 Nc8 38. f3 Nd6 39. Kf2 Ke8 40. c5 Nb5 41. Nc4 d3 42. Bd6 Nxd6 43. cxd6 e5 44. Ke3 e4 45. fxe4 fxe4 46. Kxe4 d2 47. Nxd2 Rxd6 48. Nc4 Rd1 49. Nb6 Ra1 50. Nc4 Kd7 51. Kf5 Rg1 52. g4 Kc6 53. Ke6 Kb5 54. Nd6+ Ka6 55. Ne4 Rxg4 56. Nc3 Rg3 57. Nxa4 Rxa3 58. Kf7 Rxa4 59. Kxg7 Rxb4 60.
Kxh6 Kb6 61. Kg7 Rg4+ 62. Kf7 Rf4+ 63. Kg7 Rg4+ 64. Kf7 Kc6 65. h6 Rf4+ 66. Kg7 Kd7 67. h7 Rg4+ 68. Kf7 Rh4 69. Kg7 Rxh7+ 70. Kxh7 1/2-1/2

[Event "*** Titled Tuesday Blitz"]
[Site "Chess.com"]
[Date "2020.05.05"]
[Round "2"]
[White "SamuelGhimpu2003"]
[Black "Pomegranate988"]
[Result "1-0"]
[WhiteElo "2684"]
[BlackElo "2471"]
[TimeControl "180+1"]
[EndTime "10:18:57 PDT"]
[Termination "SamuelGhimpu2003 won by resignation"]

1. e4 c6 2. d4 d5 3. e5 Bf5 4. Nd2 h5 5. Nb3 e6 6. Nf3 Be7 7. Be2 g5 8. h3 Nh6 9. Nh2 h4 10. Ng4 Nd7 11. Nxh6 Rxh6 12. Be3 Qc7 13. Qd2 Rg6 14. Rc1 O-O-O 15. a4 f6 16. exf6 Nxf6 17. Bd3 Ne4 18. Qe2 Rf8 19. Bxe4 Bxe4 20. f3 Bf5 21.
O-O Bd6 22. Rfe1 Bg3 23. Bf2 Bf4 24. Rcd1 Rgf6 25. Nc1 Kb8 26. Nd3 Bxd3 27. Rxd3 Re8 28. Be3 a6 29. Bxf4 gxf4 30. Qf2 Qh7 31. Rd2 Kc7 32.
Rde2 Kd7 33. Re5 Rf5 34. Rxf5 Qxf5 35. c3 Qf6 36. Re5 Re7 37. a5 Rg7 38. Rh5 Qg6 39. Rxh4 Qb1+ 40. Kh2 Qa2 41. Rxf4 Qxa5 42. Rf6 Qb5 43.
f4 Qd3 44. h4 Rg3 45. Qxg3 1-0

[Event "*** Titled Tuesday Blitz"]
[Site "Chess.com"]
[Date "2020.05.05"]
[Round "2"]
[White "Mischuk_D"]
[Black "wanyaland"]
[Result "1-0"]
[WhiteElo "2611"]
[BlackElo "2237"]
[TimeControl "180+1"]
[EndTime "10:18:57 PDT"]
[Termination "Mischuk_D won by resignation"]

1. e4 e5 2. Nf3 Nc6 3. Bb5 a6 4. Ba4 Nf6 5. O-O b5 6. Bb3 Bc5 7. d3 d6 8. Be3 h6 9. Bxc5 dxc5 10.
a4 Rb8 11. h3 g5 12. Nh2 Rg8 13. Nc3 g4 14. h4 Nd4 15. g3 Nxb3 16. cxb3 Be6 17.
axb5 axb5 18. Ra6 Qd7 19. Qd2 Rg6 20. Qe3 Qd4 21. Qd2 b4 22. Ne2 Qd7 23. Qe3 Qb5 24. Rfa1 Rd8 25. Nc1 h5 26. R6a5 Qd7 27. Qxc5 Qd4 28.
Qxd4 exd4 29. Rc5 Rd7 30. Ra4 Ke7 31. Rxb4 Kd6 32. Rg5 Rxg5 33. hxg5 Nh7 34. Rxd4+ Ke7 35. Rxd7+ Kxd7 36. Kf1 Nxg5 37. Ke2 c5 38. Ke3 Kc6 39. Nf1 Nf3 40. Nd2 Nd4 41. Nc4 Kb5 42. Ne2 Nxe2 43. Kxe2 Kb4 44. Nd6 Kxb3 45. Nb7 Kb4 46. Ke3 f6 47. d4 cxd4+ 48. Kxd4 Bc8 49. Nd6 Be6 50. Ne8 f5 51. Ng7 f4 52. Nxe6 fxg3 53. fxg3 1-0

[Event "*** Titled Tuesday Blitz"]
[Site "Chess.com"]
[Date "2020.05.05"]
[Round "2"]
[White "isla88"]
[Black "Ranindu2003"]
[Result "1-0"]
[WhiteElo "2292"]
[BlackElo "2496"]
[TimeControl "180+1"]
[EndTime "10:18:58 PDT"]
[Termination "isla88 won by resignation"]

1. d4 Nf6 2. Nc3 d5 3. Bf4 a6 4.
e3 e6 5. Nf3 Bd6 6. Ne5 O-O 7.
Bd3 c5 8. Qf3 Nc6 9. Nxc6 bxc6 10.
Bg5 cxd4 11. exd4 e5 12. dxe5 Bxe5 13. O-O Qc7 14. h3 h6 15. Bh4 Rb8 16. Rab1 Be6 17. Rfe1 Rfe8 18. Bxa6 Bxc3 19. Qxc3 Ne4 20. Rxe4 dxe4 21.
Bg3 Qa7 22. Bxb8 Rxb8 23. Bc4 Qc5 24. Bb3 Qxc3 25. bxc3 c5 26. a4 Kf8 27. Ba2 Rxb1+ 28. Bxb1 Ke7 29. Kf1 Kd6 30. Ke2 f5 31. Ke3 g5 32. g3 Bd5 33. c4 Bxc4 34. g4 f4+ 35.
Kxe4 Bf1 36. h4 Bg2+ 37. Kf5 gxh4 38. Kxf4 c4 39. c3 Kc5 40. Be4 Bf1 41. g5 hxg5+ 42. Kg4 h3 43. Kg3 Kd6 44. Bf3 Ke5 45. a5 Kd6 46. a6 Kc7 47. a7 1-0

[Event "*** Titled Tuesday Blitz"]
[Site "Chess.com"]
[Date "2020.05.05"]
[Round "2"]
[White "rpragchess"]
[Black "Skatchkov_V"]
[Result "1-0"]
[WhiteElo "2850"]
[BlackElo "2550"]
[TimeControl "180+1"]
[EndTime "10:18:59 PDT"]
[Termination "rpragchess won by resignation"]

1. Nf3 Nf6 2. g3 e6 3. Bg2 d5 4. O-O Be7 5. d3 c5 6. Nbd2 O-O 7. e4 Nc6 8. Re1 b5 9. e5 Nd7 10. Nf1 Qc7 11. Bf4 Bb7 12. h3 Rfc8 13. Ne3 Qd8 14. h4 h6 15. Bh3 b4 16. Qd2 g5 17. hxg5 hxg5 18. Ng4 gxf4 19. Qxf4 Qf8 20. Nh6+ Kg7 21. Kh2 f5 22. exf6+ Qxf6 23. Qg4+ Kh7 24. Rxe6 Nde5 25. Nxe5 Nxe5 26. Qf5+ Qxf5 27. Bxf5+ Kg7 28. Rxe7+ Kxh6 29. Rxe5 Rf8 30. g4 Rae8 31. Rae1 Kg7 32. Kg3 Rxe5 33.
Rxe5 d4 34. Re7+ Rf7 35. Rxf7+ Kxf7 36. f4 Bd5 37. b3 Bh1 38. g5 Bd5 39. Bg4 Kg7 40.
f5 a5 41. Kf4 1-0

[Event "*** Titled Tuesday Blitz"]
[Site "Chess.com"]
[Date "2020.05.05"]
[Round "2"]
[White "Pultis"]
[Black "GianmarcoVaR"]
[Result "1-0"]
[WhiteElo "2812"]
[BlackElo "2532"]
[TimeControl "180+1"]
[EndTime "10:18:59 PDT"]
[Termination "Pultis won by checkmate"]

1. d4 Nf6 2. Nf3 e6 3. e3 c5 4. Nbd2 b6 5. Bd3 Bb7 6. O-O Be7 7.
c3 d5 8. Qe2 Nbd7 9. Ba6 Bxa6 10. Qxa6 O-O 11. a4 Qc8 12. Qe2 a6 13. Rd1 Qb7 14. b3 b5 15. Bb2 c4 16. bxc4 bxc4 17. Rdb1 Qc6 18. Ba3 Bxa3 19. Rxa3 Rfb8 20. Qd1 Ne8 21.
Qc2 Nd6 22. Raa1 f6 23. g4 Rxb1+ 24. Rxb1 Rb8 25. Rxb8+ Nxb8 26. g5 Nd7 27. h4 Qc7 28. h5 f5 29. g6 h6 30. Ne5 Nf6 31. Qd1 Qb7 32. Qa1 Nxh5 33. Qa3 Qc7 34. Qb4 Nf6 35. a5 Kf8 36. Nf7 Ne8 37. Nf3 Ke7 38. N3e5 Kf6 39. Nxd6 Nxd6 40. Kg2 h5 41. f3 Ke7 42. Kh3 Qb7 43.
Qc5 Qb1 44. Qc7+ Kf6 45. Qd8# 1-0

[Event "*** Titled Tuesday Blitz"]
[Site "Chess.com"]
[Date "2020.05.05"]
[Round "2"]
[White "ChadBiryani"]
[Black "EvgenyRomanov"]
[Result "0-1"]
[WhiteElo "2370"]
[BlackElo "2647"]
[TimeControl "180+1"]
[EndTime "10:18:59 PDT"]
[Termination "EvgenyRomanov won on time"]

1. b3 e5 2. Bb2 Nc6 3. e3 g6 4. f4 Bg7 5. Bb5 Nge7 6. Nf3 d6 7. O-O O-O 8. d3 a6 9. Bxc6 Nxc6 10. Nbd2 Qe7 11.
Re1 Bd7 12. Qe2 Rae8 13. fxe5 dxe5 14. e4 f5 15. Nc4 f4 16. Ba3 Qd8 17. Bxf8 Rxf8 18.
Rad1 b5 19. Na3 Qe7 20. Nb1 g5 21. c3 g4 22. Nfd2 h5 23. Rf1 Bh6 24. a4 Kh8 25. axb5 axb5 26. Qf2 h4 27. b4 g3 28. Qc5 gxh2+ 29.
Kxh2 Qg5 30. Rf3 Rg8 31. Rg1 Bf8 32. Qd5 Rg7 33. d4 h3 34. g3 Bd6 35. dxe5 fxg3+ 36. Rfxg3 Bxe5 37. Nf1 Qf4 38. Nbd2 Qf2+ 39. Kh1 Bxg3 40.
Nxg3 Rxg3 41. Qh5+ Kg8 42. Qd5+ Kh8 43. Qh5+ Kg7 44.
Rxg3+ Qxg3 45. Qe2 Bg4 46. Qf1 Ne5 47. Qg1 Qxg1+ 0-1

[Event "*** Titled Tuesday Blitz"]
[Site "Chess.com"]
[Date "2020.05.05"]
[Round "2"]
[White "seastar"]
[Black "heyiampotato"]
[Result "0-1"]
[WhiteElo "2184"]
[BlackElo "2547"]
[TimeControl "180+1"]
[EndTime "10:18:59 PDT"]
[Termination "heyiampotato won on time"]

1. d4 Nf6 2. c4 e6 3. Nc3 Bb4 4. e3 O-O 5. Bd3 d5 6. Ne2 dxc4 7. Bxc4 c5 8. O-O Nc6 9. a3 Bxc3 10. bxc3 Qc7 11. Bd3 Rd8 12. Qc2 e5 13. dxe5 Nxe5 14. Bf5 Bxf5 15. Qxf5 Nd3 16. Ng3 Rd5 17. Qf3 Rad8 18. e4 Ne5 19. Qf4 Rd3 20. Be3 Rxc3 21. Nf5 Nh5 22. Qh4 g6 23. Ne7+ Kg7 24. Nd5 Rxd5 25.
exd5 Rc4 26. Qh3 f5 27. f4 Ng4 28. Bc1 b5 29. Bb2+ Kf7 30. Be5 Nxe5 31. fxe5 Qxe5 32.
Rae1 Qd4+ 33. Kh1 Qxd5 34. Qe3 Re4 35. Qg5 Nf6 36. Rxe4 Nxe4 37. Qf4 Kg7 38. Qc7+ Kh6 39. Qf4+ Kg7 40. Qc7+ Kf6 41. Qf4 g5 42. Qc7 Nf2+ 43.
Kg1 Ne4 44. Kh1 Kg6 0-1

[Event "*** Titled Tuesday Blitz"]
[Site "Chess.com"]
[Date "2020.05.05"]
[Round "2"]
[White "Corpescador"]
[Black "levallem"]
[Result "1-0"]
[WhiteElo "2391"]
[BlackElo "2123"]
[TimeControl "180+1"]
[EndTime "10:18:59 PDT"]
[Termination "Corpescador won by resignation"]

1. e4 c5 2. Nf3 g6 3. d4 cxd4 4. Nxd4 Nc6 5. Nc3 Bg7 6. Be3 Nf6 7. Bc4 O-O 8. Bb3 a5 9. O-O d6 10. Ndb5 a4 11. Nxa4 Nxe4 12. Qe2 Bf5 13. g4 Rxa4 14. Bxa4 Bd7 15. c4 Ne5 16. f3 Qa5 17. Bb3 Nc5 18. Nd4 Nc6 19. Rad1 Nxd4 20. Bxd4 Bxd4+ 21. Rxd4 Nxb3 22. axb3 Qb6 23. Qe3 Be6 24. Rd3 Qc6 25. Rfd1 Ra8 26. h3 Ra2 27. R1d2 Ra1+ 28. Rd1 Ra2 29. R3d2 b5 30. Qc3 bxc4 31. bxc4 Qxc4 32. Qxc4 Bxc4 33. Kf2 d5 34. Re1 e6 35. g5 Kg7 36. Re3 Ra1 37.
Ra3 Rf1+ 38. Kg2 Rb1 39. Ra7 e5 40. Kf2 Rf1+ 41. Kg2 Re1 42. Re7 e4 43. fxe4 dxe4 44. Kf2 Rf1+ 45. Ke3 Bd3 46. Rf2 Rxf2 47. Kxf2 Kf8 48.
Rc7 Bc4 49. Ke3 Bd5 50. b4 Kg7 51. h4 h6 52. Kd4 Ba8 53. b5 hxg5 54. hxg5 Kf8 55.
Rc8+ Ke7 56. Rxa8 f6 57. Kxe4 fxg5 58. Ra6 Kd7 59. Kf3 Kc7 60. Kg4 Kb7 1-0

[Event "*** Titled Tuesday Blitz"]
[Site "Chess.com"]
[Date "2020.05.05"]
[Round "2"]
[White "dbrankovic68"]
[Black "Tsukasa06"]
[Result "1-0"]
[WhiteElo "2475"]
[BlackElo "2259"]
[TimeControl "180+1"]
[EndTime "10:19:00 PDT"]
[Termination "dbrankovic68 won on time"]

1. e4 e5 2. Nf3 Nc6 3. Bb5 a6 4.
Ba4 Nf6 5. O-O Be7 6. Re1 b5 7. Bb3 d6 8. c3 O-O 9. h3 Nb8 10.
d4 Nbd7 11. Nbd2 c5 12. Nf1 Bb7 13. Ng3 c4 14. Bc2 g6 15. Nh2 Qc7 16. Ng4 Rad8 17. f4 exd4 18. cxd4 h5 19. Nh6+ Kg7 20. Nhf5+ gxf5 21. Nxf5+ Kh8 22. Nxe7 Rfe8 23. Nf5 Nf8 24. e5 Qc6 25. Re2 dxe5 26. fxe5 Rxe5 27. Rf2 Ng6 28. Qd2 Rxf5 29. Qh6+ Nh7 30. Bxf5 Rd6 31. Bxg6 Rxg6 32. Qf4 Rxg2+ 33. Kf1 Rxf2+ 34. Qxf2 Qh1+ 35. Ke2 Qe4+ 36. Kf1 Qh1+ 37. Ke2 Qe4+ 38. Be3 Qd3+ 39. Ke1 c3 40. Rd1 cxb2 41. Rxd3 b1=Q+ 42. Rd1 Qe4 43.
d5 Bxd5 44. Rd4 1-0

[Event "*** Titled Tuesday Blitz"]
[Site "Chess.com"]
[Date "2020.05.05"]
[Round "2"]
[White "VincentKeymer"]
[Black "Glidzhian_Gor"]
[Result "1-0"]
[WhiteElo "2717"]
[BlackElo "2488"]
[TimeControl "180+1"]
[EndTime "10:19:01 PDT"]
[Termination "VincentKeymer won by resignation"]

1. Nf3 Nf6 2. c4 g6 3. g3 Bg7 4. Bg2 O-O 5. O-O d6 6. d4 Nc6 7. Nc3 e5 8. dxe5 Nxe5 9. Nxe5 dxe5 10. Qxd8 Rxd8 11. Bg5 Re8 12. b4 c6 13. b5 e4 14.
bxc6 bxc6 15. Rad1 Bf5 16. h3 h6 17. Be3 Be6 18. Nxe4 Nxe4 19. Bxe4 Bxc4 20. Bxc6 Bxe2 21. Bxe8 Rxe8 22. Bxa7 Bxf1 23. Kxf1 Re4 24. Rd8+ Kh7 25. Rd7 Kg8 26. Bc5 Bf6 27. a3 Rc4 28. Be3 Ra4 29. Ra7 Rc4 30. a4 Kg7 31. a5 Ra4 32.
Bb6 Bd4 33. Rd7 Bxb6 34. axb6 Rb4 35. b7 Kf6 36. Kg2 Ke6 37. Rc7 f6 38. h4 Kd6 39.
Rf7 Ke6 40. Rh7 h5 41. Rg7 Kf5 42. f3 Rb2+ 43. Kh3 Rb3 44. Rc7 Rb2 45. g4+ hxg4+ 46. fxg4+ Kf4 47. h5 Rb3+ 48. Kh2 gxh5 49. gxh5 Kg5 50.
Rh7 f5 51. Kg2 f4 52. Kf2 Kg4 53. h6 Rb2+ 54. Ke1 Kf3 55. Rf7 Ke3 56. Re7+ Kf3 57.
h7 Rb1+ 58. Kd2 Rb2+ 59. Kc3 1-0

[Event "*** Titled Tuesday Blitz"]
[Site "Chess.com"]
[Date "2020.05.05"]
[Round "2"]
[White "HonzaVykouk"]
[Black "jonaszmb"]
[Result "1-0"]
[WhiteElo "2714"]
[BlackElo "2487"]
[TimeControl "180+1"]
[EndTime "10:19:01 PDT"]
[Termination "HonzaVykouk won by resignation"]

1. e4 c5 2. Nf3 Nc6 3. d4 cxd4 4.
Nxd4 e5 5. Nb5 a6 6. Nd6+ Bxd6 7. Qxd6 Qf6 8. Qxf6 Nxf6 9. Nc3 Nb4 10. Kd2 d6 11. a3 Nc6 12. Bd3 Be6 13. Rd1 d5 14.
exd5 Nxd5 15. Nxd5 Bxd5 16. f3 Nd4 17. Ke1 Rc8 18.
Be3 O-O 19. c3 Nb3 20. Rab1 Be6 21. Be4 b5 22. Bb7 Rb8 23. Bd5 Rfd8 24. Bxe6 fxe6 25. Rxd8+ Rxd8 26. Ke2 Kf7 27. Re1 Rd5 28. Rd1 a5 29. a4 bxa4 30. c4 Rxd1 31. Kxd1 Nd4 32. Bxd4 exd4 33. f4 e5 34. fxe5 Ke6 35. Kd2 Kxe5 36.
Kd3 g6 37. g3 h6 38. h3 h5 39. h4 a3 40. bxa3 a4 41. c5 Kd5 42. c6 Kxc6 43. Kxd4 Kb5 44. Kd5 Kb6 45. Kc4 Kc6 46. Kb4 Kd5 47.
Kxa4 Kc4 48. Ka5 Kc5 49. a4 Kc6 50. Kb4 Kb6 51. Kc4 Ka5 52. Kd5 Kxa4 53. Ke6 Kb4 54. Kf6 Kc4 55. Kxg6 1-0

[Event "*** Titled Tuesday Blitz"]
[Site "Chess.com"]
[Date "2020.05.05"]
[Round "2"]
[White "Fh2411"]
[Black "Shota_Azaladze"]
[Result "0-1"]
[WhiteElo "2474"]
[BlackElo "2690"]
[TimeControl "180+1"]
[EndTime "10:19:01 PDT"]
[Termination "Shota_Azaladze won by resignation"]

1. Nf3 g6 2. c4 Bg7 3. g3 e5 4. Nc3 Ne7 5. Bg2 c5 6. O-O Nbc6 7. Ne1 O-O 8. Nc2 d6 9. d3 Be6 10. Ne3 Rb8 11. Rb1 a6 12. a4 Nb4 13. Ned5 Nexd5 14. cxd5 Bd7 15. Bd2 f5 16. Qb3 h5 17. h4 Kh7 18.
Bg5 Bf6 19. Bxf6 Qxf6 20. f4 exf4 21. Rxf4 Rbe8 22. Rbf1 Re3 23. Kh2 Qe5 24. R1f3 Re8 25. Qc4 b5 26. axb5 axb5 27. Qb3 Re7 28. Rxe3 Qxe3 29.
Rf3 Qd2 30. Rf2 g5 31. hxg5 Qxg5 32. Bf3 h4 33. gxh4 Qxh4+ 34. Kg1 Rg7+ 35. Rg2 Qe1+ 36. Kh2 Qh4+ 37. Kg1 Rxg2+ 38. Kxg2 f4 39. Qd1 Bh3+ 40. Kg1 Qg3+ 41. Kh1 Bg4 42. Qg1 Bxf3+ 43. exf3 Qxf3+ 44. Qg2 Qxg2+ 45. Kxg2 Nxd3 46. Nxb5 Nxb2 47. Nxd6 Kg6 48. Kf3 Nd3 49. Ne4 Kf5 50. d6 Ne5+ 51. Ke2 Kxe4 52.
Kf2 Nd7 0-1

[Event "*** Titled Tuesday Blitz"]
[Site "Chess.com"]
[Date "2020.05.05"]
[Round "2"]
[White "dragos420"]
[Black "Piotrek1979"]
[Result "1-0"]
[WhiteElo "2505"]
[BlackElo "2274"]
[TimeControl "180+1"]
[EndTime "10:19:01 PDT"]
[Termination "dragos420 won on time"]

1. e4 c6 2. Nc3 d5 3. Qf3 Nf6 4. e5 Nfd7 5. Qg3 Nb6 6. Nf3 c5 7. Be2 Bf5 8. d3 e6 9. O-O Nc6 10. Bg5 Qd7 11. a4 h6 12. Bd2 g5 13. a5 Nc8 14. h4 g4 15. Ne1 h5 16. f3 Nd4 17.
Bd1 Rg8 18. Bg5 Be7 19. fxg4 hxg4 20. Bxe7 Nxe7 21. Ne2 Nxe2+ 22. Bxe2 d4 23. c4 Nc6 24. Nc2 Qc7 25. Rae1 Qxe5 26. Qf2 g3 27. Qf3 a6 28. Bd1 Qc7 29. Qxf5 O-O-O 30. Qxf7 Qxa5 31. Qxe6+ Kb8 32.
Bf3 Rde8 33. Qd6+ Ka7 34. Bxc6 Rxe1 35. Rxe1 Qd2 36. Bf3 Qf2+ 37. Kh1 Rh8 38. Qf6 Qxc2 39. Qxh8 Qxd3 40. h5 Qd2 41. Rg1 Qe3 42. h6 d3 43. Qf6 d2 44. h7 Qe1 45. h8=Q d1=Q 46. Bxd1 Qe3 47. Qf3 1-0

[Event "*** Titled Tuesday Blitz"]
[Site "Chess.com"]
[Date "2020.05.05"]
[Round "2"]
[White "Atanejhad"]
[Black "ChessBitl"]
[Result "0-1"]
[WhiteElo "2474"]
[BlackElo "2286"]
[TimeControl "180+1"]
[EndTime "10:19:01 PDT"]
[Termination "ChessBitl won on time"]

1. e4 c5 2. Nf3 Nc6 3. c3 Nf6 4. e5 Nd5 5. Bc4 Nb6 6. Bb3 d6 7. exd6 Qxd6 8. O-O Bf5 9. d4 cxd4 10. Nxd4 Nxd4 11.
cxd4 e6 12. Nc3 a6 13. Qf3 Be7 14. Qxb7 O-O 15. Be3 a5 16. Nb5 Qd8 17. a4 Nd5 18.
Bxd5 exd5 19. Bf4 Bf6 20. Be5 Bxe5 21. dxe5 d4 22. Nd6 Be6 23. Rfd1 Rb8 24. Qe4 Rxb2 25. Rxd4 Qb6 26. Rad1 Rb8 27. h4 h6 28. Nf5 Rb4 29.
Kh2 Bxf5 30. Rxb4 Bxe4 31. Rxb6 Rxb6 32. Rd8+ Kh7 33. Rd4 Bc6 34. Rd6 Ra6 35. f4 g6 36.
h5 gxh5 37. g3 Kg7 38. Kh3 Bb7 39. Rd8 Be4 40. Kh4 Rg6 41. Rd6 Rg4+ 0-1

[Event "*** Titled Tuesday Blitz"]
[Site "Chess.com"]
[Date "2020.05.05"]
[Round "2"]
[White "WinstonSilvakov"]
[Black "MathiasWomacka"]
[Result "0-1"]
[WhiteElo "2187"]
[BlackElo "2430"]
[TimeControl "180+1"]
[EndTime "10:19:02 PDT"]
[Termination "MathiasWomacka won by resignation"]

1. e4 c5 2. Nf3 d6 3. d4 cxd4 4. c3 dxc3 5. Nxc3 Nc6 6. Bc4 a6 7. O-O Nf6 8. Qe2 Bg4 9. Rd1 e6 10.
Bb3 Be7 11. Bf4 Qc7 12. Rac1 O-O 13. Nd5 exd5 14. exd5 Rfe8 15. dxc6 bxc6 16. Qc4 Be6 17. Qxc6 Qxc6 18. Rxc6 Bxb3 19. axb3 d5 20. Ra1 a5 21.
Bd2 Rab8 22. Rxa5 Rxb3 23. Bc3 Ne4 24. Rxd5 Nxc3 25. Rxc3 Rxb2 26. g3 Bf6 27. Rcd3 g6 28. Rd6 Be7 29. Rd7 Bc5 30. Rd2 Re2 31. Rxb2 Bxf2+ 32. Kf1 Rxb2 33. Ne5 Be3 34. Rxf7 Rxh2 35. Ng4 Rh1+ 36.
Kg2 Rg1+ 37. Kf3 Kxf7 38. Nxe3 Ra1 39. Ng4 Ke6 40. Ne3 Ra3 41. Ke4 h5 42. Kf4 Ra4+ 43. Kf3 Ke5 44. Ng2 Ra3+ 45. Kf2 Ke4 46. Nf4 Ra2+ 47.
Ke1 Kf3 48. Nxg6 Kxg3 49. Ne5 h4 0-1

[Event "*** Titled Tuesday Blitz"]
[Site "Chess.com"]
[Date "2020.05.05"]
[Round "2"]
[White "Efremov_Vlad"]
[Black "TregubovP"]
[Result "1/2-1/2"]
[WhiteElo "2125"]
[BlackElo "2489"]
[TimeControl "180+1"]
[EndTime "10:19:03 PDT"]
[Termination "Game drawn by agreement"]

1. c4 c5 2. Nf3 Nc6 3. Nc3 Nf6 4. d4 cxd4 5. Nxd4 Qb6 6. e3 e6 7.
Be2 d5 8. O-O Be7 9. b3 O-O 10.
Bb2 Rd8 11. Nxc6 bxc6 12. Qc2 e5 13. cxd5 cxd5 14. Na4 Qd6 15. Rac1 Be6 16. Nc5 Rac8 17. b4 Nd7 18. Qd2 Nxc5 19. bxc5 Qc7 20. c6 Rb8 21. Bc3 Rdc8 22. Ba5 Qd6 23. c7 Rb7 24. a4 h6 25. Bb5 Rbxc7 26. Bxc7 Rxc7 27. Rxc7 Qxc7 28.
Rc1 Qd6 29. Qa5 Qa3 30. Qc3 d4 31. Qxa3 Bxa3 32. Rc7 Kf8 33. exd4 exd4 34. Rxa7 Bf5 35. a5 d3 36. Bxd3 Bxd3 37. a6 Be4 38. Rc7 Bd6 39.
Rc8+ Ke7 40. a7 g5 41. a8=Q Bxa8 42. Rxa8 Be5 43. h3 Kf6 44. Ra6+ Kg7 45. g4 Bf6 46.
Kg2 Be5 47. Kf3 Bd4 48. Ra4 Be5 49. Ke4 Bc3 50. Kf3 Bb2 51. Ke4 Bc3 1/2-1/2

[Event "*** Titled Tuesday Blitz"]
[Site "Chess.com"]
[Date "2020.05.05"]
[Round "2"]
[White "chessplayer9919"]
[Black "ajdemipopushi"]
[Result "1/2-1/2"]
[WhiteElo "2466"]
[BlackElo "2265"]
[TimeControl "180+1"]
[EndTime "10:19:03 PDT"]
[Termination "Game drawn by repetition"]

1. d4 Nf6 2. c4 c5 3. d5 b5 4.
cxb5 a6 5. b6 Qxb6 6. Nc3 g6 7. e4 d6 8. Bd3 Bg7 9. Nf3 Bg4 10. O-O Nbd7 11. h3 Bxf3 12. Qxf3 O-O 13. Qe2 Rfb8 14. Kh1 Ne8 15. f4 Nc7 16. a4 Qb4 17. a5 Bxc3 18. bxc3 Qxc3 19. Bd2 Qd4 20. Rfb1 Nb5 21. Be3 Qg7 22. Qd2 h5 23. Kh2 Nc3 24.
Rxb8+ Rxb8 25. Rc1 Nb5 26. Rb1 Qc3 27. Rxb5 Qa1 28. Rxb8+ Nxb8 29. e5 dxe5 30. Bxc5 exf4 31. Qxf4 Nd7 32. Bxe7 Qc3 33. Be2 Qxa5 34. Qd6 Qa4 35.
Bf3 a5 36. Bg5 Kg7 37. Qc6 Qd4 38. Qxd7 Qe5+ 39. g3 Qxg5 40. d6 Qd2+ 41. Bg2 a4 42. Qe7 a3 43. d7 a2 44. Qe5+ Kh7 45. Qd5 Qxd5 46. Bxd5 a1=Q 47. d8=Q Qd4 48. Qd7 Qd2+ 49. Kg1 Qd1+ 50. Kf2 Qd2+ 51. Kf3 Qd3+ 52. Kf4 Qd4+ 53. Kf3 Qd3+ 54. Kf2 Qd2+ 55. Kf3 Qd3+ 1/2-1/2

[Event "*** Titled Tuesday Blitz"]
[Site "Chess.com"]
[Date "2020.05.05"]
[Round "2"]
[White "Caterpiller35"]
[Black "MartinCerveny"]
[Result "0-1"]
[WhiteElo "2298"]
[BlackElo "2579"]
[TimeControl "180+1"]
[EndTime "10:19:04 PDT"]
[Termination "MartinCerveny won on time"]

1. d4 d5 2. Bf4 e6 3. e3 Bd6 4.
Bg3 Nf6 5. Nd2 Nbd7 6. Ngf3 b6 7. Bd3 Bb7 8. Ne5 O-O 9. Qf3 Qe7 10. O-O Rfe8 11. Rfe1 c5 12. c3 Rac8 13. Bb5 a6 14. Ba4 b5 15. Bc2 b4 16. Nxd7 Qxd7 17. Bh4 Be7 18. Qh3 h6 19. Nf3 Ne4 20. Bxe4 dxe4 21.
Ne5 Qc7 22. Bxe7 Rxe7 23. c4 Rd8 24. Red1 cxd4 25. exd4 f6 26. Ng6 Ree8 27. Rac1 Kh7 28. Qh5 a5 29. Nh4 Qf4 30. Qg6+ Kh8 31. g3 Qg5 32. Rc2 Re7 33. Qxg5 hxg5 34. Ng6+ Kh7 35. Nxe7 Rd7 36. d5 Rxe7 37. d6 Rd7 38. c5 Bc6 39. Rd4 f5 40. Kf1 Kg6 41. Ke2 Kf6 42. Ke3 e5 43. Rd1 f4+ 44. Ke2 Ke6 45. h4 g4 46. a3 b3 47. Rc3 a4 48. Rc4 Bb5 49. Rc1 Kd5 50. c6 Rxd6 51. c7 Rc6 0-1

[Event "*** Titled Tuesday Blitz"]
[Site "Chess.com"]
[Date "2020.05.05"]
[Round "2"]
[White "kreonx"]
[Black "keepitcool9499"]
[Result "0-1"]
[WhiteElo "2217"]
[BlackElo "2457"]
[TimeControl "180+1"]
[EndTime "10:19:04 PDT"]
[Termination "keepitcool9499 won by resignation"]

1. e4 e6 2. Nc3 d5 3. d4 Nf6 4. Bg5 Be7 5. Bxf6 Bxf6 6. Nf3 O-O 7. Bd3 c5 8. dxc5 Bxc3+ 9. bxc3 Nd7 10. exd5 Nxc5 11.
dxe6 Bxe6 12. O-O Rc8 13. Nd4 Nxd3 14. Nxe6 fxe6 15. cxd3 Rxc3 16. Qe2 Qd5 17. Rfd1 Rd8 18. Rac1 Rdc8 19. Rxc3 Rxc3 20. h3 h6 21. Rd2 b5 22.
Qe3 a5 23. f3 b4 24. Qe4 Qxe4 25.
dxe4 a4 26. Kf2 Kf7 27. Rd7+ Kf6 28. Rb7 Rc2+ 29. Kg3 Rb2 30. h4 Ke5 31. h5 a3 32.
Kh3 Kd6 33. g4 Kc5 34. Rxg7 Rxa2 35. g5 Rf2 36. gxh6 a2 37. Ra7 Rxf3+ 38. Kg4 Ra3 39. Rc7+ Kb6 40. Rc1 a1=Q 41. Rxa1 Rxa1 42. h7 Ra8 43. Kg5 b3 44. Kg6 b2 45. Kg7 b1=Q 46.
h8=Q Rxh8 47. Kxh8 Qxe4 48. h6 e5 49. Kg7 Qg4+ 50. Kh8 e4 51. h7 Qh5 52. Kg7 Qxh7+ 53.
Kxh7 e3 0-1